 Dungeon Crawl Stone Soup version 0.31-a0-466-g98c9adc2b6 (webtiles) character file.

Game seed: 5099306068093436735

12 Ethylacetat the Insei (level 2, -2/16 HPs)
             Began as a Vine Stalker Monk on Aug 5, 2023.
             Slain by a jackal (3 damage)
             ... on level 1 of the Dungeon.
             The game lasted 00:00:31 (138 turns).

Ethylacetat the Insei (Vine Stalker Monk)            Turns: 138, Time: 00:00:31

Health: -2/16      AC:  2    Str: 13    XL:     2   Next: 33%
Magic:  0/4        EV: 12    Int: 10    God:
Gold:   31         SH:  0    Dex: 16    Spells: 2/2 levels left

rFire   . .          .
                       - Unarmed
rCold   . . .        c - orb {light}
rNeg    . . .        a - +0 robe
rPois   .            (no helmet)
rElec   .            (no cloak)
rCorr   .            (no gloves)
SInv    .            (no boots)
Will    .....        (no amulet)
Stlth   +            (no ring)
HPRegen 0.22/turn    (no ring)
MPRegen 0.09/turn

%: guardian spirit
@: glowing
A: fangs 2, magic shield, antimagic bite, no potion heal 2
a: no special abilities


You were on level 1 of the Dungeon.
You visited 1 branch of the dungeon, and saw 1 of its levels.

You collected 31 gold pieces.

Inventory:

Armour
 a - a +0 robe (worn)
 c - an orb of light (worn)
Scrolls
 e - a scroll of teleportation {unknown}
 f - a scroll of identify {unknown}
 g - a scroll of butterflies {unknown}
Potions
 b - a potion of ambrosia
 d - a potion of berserk rage {unknown}


   Skills:
 + Level 3.0 Fighting
 - Level 2.4 Dodging
 + Level 3.2 Unarmed Combat
 + Level 0.9 Spellcasting


You had 2 spell levels left.
You didn't know any spells.
Your spell library was empty.

Dungeon Overview and Level Annotations

Branches:
Dungeon (1/15)

Altars:


Innate Abilities, Weirdness & Mutations

You have extremely sharp teeth.
When hurt, damage is shared between your health and your magic reserves.
Your bite disrupts and absorbs the magic of your enemies.
Potions cannot restore your health.


Message History

Unknown command.
You closely miss the frilled lizard. The jackal barely misses you. x3
The frilled lizard barely misses you. The kobold closely misses you.
The jackal bites you.
You hit the kobold but do no damage. The jackal barely misses you.
The jackal bites you but does no damage.
Unknown command.
You hit the kobold.
You kill the kobold!
The frilled lizard barely misses you. The jackal bites you.
Unknown command.
You hit the jackal. Your bite misses the jackal.
The jackal is lightly wounded.
The jackal bites you. The jackal barely misses you.
The frilled lizard completely misses you.
The jackal closely misses you. The jackal bites you.
Unknown command.
You hit the jackal. You bite the jackal, but do no damage.
The jackal is severely wounded.
The jackal barely misses you. The frilled lizard closely misses you.
The jackal closely misses you. The jackal bites you.
* * * LOW HITPOINT WARNING * * *
The jackal misses you.
Unknown command.
You hit the jackal but do no damage. You bite the jackal.
You kill the jackal!
The jackal closely misses you. The frilled lizard closely misses you.
The jackal closely misses you.
Your Fighting skill increases to level 3!
You closely miss the jackal. The jackal closely misses you.
The jackal bites you but does no damage.
The frilled lizard bites you.
* * * LOW HITPOINT WARNING * * *
The jackal barely misses you.
Unknown command.
You hit the jackal.
You kill the jackal!
The jackal bites you. The frilled lizard barely misses you.
The jackal bites you.
You die...

#...# #...# #...# ..
###...###...###...###..#
................†......#
.......................#
.......................#
###...###...###...###..#
#...# #...# #...# .#
###...###...###)..###..#
..........!.....@).....#
...............lhK.....#
........................
###...###...###...###..#
# #...# ...# #..(# ..#
###...###... #...# #
.†......... .....
........... .....
............


You could see a jackal, a kobold and a frilled lizard.

Vanquished Creatures
  A dart slug (D:1)
  A ball python (D:1)
  An endoplasm (D:1)
  A goblin (D:1)
  3 jackals (D:1)
  A quokka (D:1)
  A frilled lizard (D:1)
  A kobold (D:1)
10 creatures vanquished.

Notes
Turn   | Place    | Note
-------+----------+-------------------------------------------
     0 | D:1      | Ethylacetat the Vine Stalker Monk began the quest for the
                  | Orb.
     0 | D:1      | Reached XP level 1. HP: 11/11 MP: 2/2
    64 | D:1      | Reached XP level 2. HP: 13/16 MP: 3/3
   138 | D:1      | Slain by a jackal

Illustrated notes

Levels and vault maps discovered:
D:1:      lightli_molten_gateway, layout_rooms, basic_ecumenical_altar,
          kennysheep_boxes

Skill      XL: |  1  2 |
---------------+-------+-----
Fighting       | 3 |  3.0
Dodging        | |  2.4
Unarmed Combat | |  3.2
Spellcasting   | |  0.9

Action                     || total
---------------------------++-------
  Melee: Unarmed           ||    23
         Bite              ||     6
 Armour: Robe              ||     6
  Dodge: Dodged            ||    29

Table legend: (Time is in decaauts)
 A = Elapsed time spent in this place.
 B = Non-inter-level travel time spent in this place.
 C = Inter-level travel time spent in this place.
 D = Time resting spent in this place.
 E = Time spent auto-exploring this place.
 F = Levels seen in this place.
 G = Mean time per level.
                   A        B        C        D        E       F      G
               +--------+--------+--------+--------+--------+-----+--------+
         Total |    136 |    136 |      0 |      0 |     88 |   1 |  136.0 |
       Dungeon |    136 |    136 |      0 |      0 |     88 |   1 |  136.0 |
               +--------+--------+--------+--------+--------+-----+--------+

Top non-repeatable levels by time:
     D:1: 136 daAuts
